Map: Dusk Towers

Players

LilDicky - Winner!

  • Race: Terran Terran
  • League: Diamond

PwnrBwnr

  • Race: Terran Terran
  • League: Diamond

VOD

http://www.twitch.tv/tumescentpie

Description

Time

  • Played on: Dec. 2, 2015, 11:24 p.m.
  • Length: 20:06
Show
View Real Time Build Order
Export as new Build Order

LilDicky Terran - Winner!

Build Orders: Reaper Expand, Banshee Rush 

Get SALT Encoding   

  12  0:01  SCV  
  13  0:13  SCV  
  14  0:18  Supply Depot  
  14  0:25  SCV  
  15  0:32  Refinery  
  15  0:39  SCV  
  16  0:50  Barracks  
  16  0:51  SCV  
  17  1:05  SCV  
  18  1:17  SCV  
  19  1:36  Orbital Command  
  19  1:43  Reaper  
  20  1:47  Command Center  
  19  2:05  Refinery  
  19  2:09  Factory  
  19  2:12  SCV  
  19  2:14  Marine  
  21  2:19  Supply Depot  
  21  2:29  SCV  
  22  2:34  Marine  
  23  2:41  SCV  
  24  2:53  SCV  
  25  3:03  Marine  
  25  3:04  Factory Tech Lab  
  25  3:05  Starport  
  25  3:09  SCV  
  25  3:10  Orbital Command  
  26  3:21  SCV, Marine  
  28  3:33  SCV  
  29  3:48  Command Center  
  29  3:50  SCV, Marine  
  29  3:53  Banshee, Cloaking Field  
  34  3:56  Factory Tech Lab  
  34  3:59  SCV  
  35  4:04  SCV, Refinery  
  35  4:09  Supply Depot  
  36  4:13  SCV, Refinery  
  37  4:23  Siege Tank  
  40  4:25  SCV  
  40  4:27  SCV  
  40  4:29  Barracks Reactor  
  42  4:36  Engineering Bay  
  42  4:38  SCV  
  43  4:41  Banshee  
  43  4:43  SCV  
  47  4:50  SCV  
  48  4:55  SCV, Supply Depot  
  49  5:00  Orbital Command  
  49  5:02  SCV  
  49  5:06  Siege Tank  
  53  5:07  SCV  
  55  5:14  SCV  
  55  5:39  Siege Tank  
  55  5:42  Banshee  
  61  5:53  Missile Turret  
  61  5:57  SCV x2, Barracks  
  62  5:59  Barracks  
  62  6:00  Barracks  
  60  6:11  Siege Tank  
  63  6:25  Banshee  
  66  6:39  Missile Turret  
  66  6:40  SCV  
  66  6:41  SCV  
  66  6:43  SCV, Siege Tank  
  66  6:45  Marine x2  
  66  6:46  Marine  
  75  6:48  Marine x2  
  77  7:15  SCV, Marine x3  
  77  7:17  Marine  
  77  7:22  Siege Tank  
  77  7:23  Marine  
  75  7:36  SCV x2  
  77  7:51  Banshee  
  77  8:01  Marine x3  
  77  8:07  SCV, Marine x2  
  77  8:11  Starport  
  77  8:12  Terran Infantry Weapons Level 1  
  77  8:13  Starport  
  77  8:15  Supply Depot  
  77  8:16  Barracks  
  77  8:19  Supply Depot, Barracks  
  77  8:21  Supply Depot, Barracks  
  77  8:22  Supply Depot x2  
  77  8:23  Barracks x2  
  77  8:24  Supply Depot  
  77  8:25  Marine  
  77  8:26  SCV x2  
  77  8:27  SCV, Marine  
  77  8:28  Marine x2  
  77  8:32  Command Center  
  77  8:33  Siege Tank  
  72  8:45  Barracks Tech Lab, Marine  
  72  8:46  Barracks Reactor, Barracks Tech Lab  
  72  8:49  Marine  
  72  8:51  Starport Tech Lab  
  72  8:53  Starport Reactor  
  73  8:57  Factory  
  73  9:03  Marine  
  73  9:05  Siege Tank  
  73  9:08  Missile Turret  
  73  9:09  Missile Turret x2  
  77  9:16  Missile Turret x2  
  77  9:18  SCV x2  
  79  9:26  SCV  
  79  9:29  Refinery  
  79  9:30  SCV, Refinery  
  81  9:32  Marine x4  
  81  9:33  Barracks Reactor x4  
  81  9:34  Missile Turret, Marine  
  81  9:35  Marine x2  
  88  9:42  Factory Tech Lab  
  88  9:44  Siege Tank  
  91  9:47  Banshee, Viking x2  
  91  9:51  Orbital Command  
  98  9:56  Sensor Tower x2  
  98  9:59  SCV x3  
  101  10:00  Marine x3  
  104  10:17  Marine x2  
  104  10:18  Marine x8  
  104  10:19  Viking x3, Marauder  
  119  10:22  Marine x2  
  119  10:23  Marauder  
  119  10:28  Refinery  
  123  10:29  Refinery  
  123  10:30  SCV, Viking  
  123  10:31  SCV, Missile Turret  
  123  10:34  Marine  
  123  10:35  Marine  
  128  10:39  Marine  
  128  10:41  SCV  
  131  10:50  Marine  
  131  10:51  Marine x2  
  131  10:52  Siege Tank x2  
  140  10:59  Command Center  
  140  11:03  SCV  
  140  11:06  SCV x3  
  143  11:15  SCV  
  144  11:24  Siege Tank  
  132  11:36  Viking x4  
  132  11:39  Marine x2  
  136  11:56  Terran Infantry Armor Level 1  
  136  11:59  Armory  
  136  12:00  Marine x2  
  136  12:01  Marauder x2, Engineering Bay, Marine x2  
  140  12:06  Viking  
  140  12:07  Marine  
  147  12:10  Medivac x3  
  153  12:17  Orbital Command  
  153  12:20  Missile Turret  
  153  12:21  Marine  
  153  12:23  Marauder  
  155  12:36  Medivac  
  157  12:39  Marine x2  
  157  12:40  Medivac x2  
  163  12:49  Medivac  
  158  13:06  Medivac  
  158  13:10  Medivac  
  162  13:15  Combat Shields, Stimpack, Medivac  
  163  13:30  Barracks Tech Lab, Marine x2  
  163  13:31  Medivac, Marine x6  
  163  13:34  Marine x6  
  141  13:48  Marine x2  
  133  13:49  Marine x6  
  133  13:51  Marine  
  133  13:52  Marine  
  133  13:53  Marauder  
  138  14:07  Marine  
  127  14:19  Marine x5  
  127  14:20  Marauder  
  116  14:35  Marine x4  
  116  14:37  Marine x7  
  116  14:38  Marine x3  
  123  14:40  Marine  
  117  14:53  Marine x4  
  117  14:55  Marine x8  
  117  14:56  Marauder x2  
  117  14:58  Marine  
  109  15:09  Banshee, Medivac  
  109  15:10  Banshee, Marine  
  109  15:11  Marine x3  
  109  15:12  Marine  
  109  15:13  Marine x7  
  127  15:17  Marauder x3  
  133  15:24  Supply Depot  
  133  15:25  Factory  
  133  15:26  Supply Depot, Factory  
  133  15:27  Supply Depot, Factory  
  133  15:28  Factory  
  133  15:29  SCV x3  
  133  15:30  SCV  
  133  15:31  Marine  
  133  15:32  Siege Tank x2  
  144  15:38  Marauder  
  144  15:39  Marauder  
  148  15:46  Command Center  
  148  15:47  Marauder, Marine  
  151  15:52  Banshee  
  151  15:55  Command Center  
  136  16:04  Siege Tank x2  
  119  16:12  Marine  
  119  16:13  Terran Infantry Weapons Level 2, Terran Infantry Armor Level 2  
  119  16:15  Marine  
  119  16:16  Marauder  
  119  16:18  Marine x6  
  120  16:19  Banshee, Marine x6  
  120  16:20  Medivac  
  120  16:21  Factory Tech Lab x4  
  134  16:30  Marine  
  132  16:33  Marine  
  132  16:35  Banshee  
  132  16:37  Marauder  
  132  16:39  Marine  
  122  16:40  Marine x4  
  122  16:41  Marauder  
  122  16:46  Marine  
  123  16:47  Marine x4  
  123  16:48  Marine  
  124  16:55  Marine x2  
  124  16:57  Siege Tank x2, Marine  
  124  16:58  Siege Tank x3, Marine x5  
  143  17:01  Marine  
  143  17:04  Marine x3  
  143  17:05  Marine x3  
  150  17:12  Marine  
  150  17:13  Marine  
  150  17:14  Viking x2  
  150  17:15  Marine  
  156  17:16  Marine  
  140  17:26  Marine  
  139  17:42  Orbital Command  
  136  17:47  Orbital Command  
  136  17:52  Marine  
  136  17:53  Marauder x2, Marine x3  
  142  18:11  Marine x3  
  142  18:12  Marine x9  
  130  18:13  Siege Tank x6  
  138  18:27  Marine x3  
  141  18:54  Viking  
  141  18:55  Viking x3  
  149  19:09  Marine x3  
  152  19:18  Marine  
  152  19:19  Marauder  
  150  19:24  Viking  
  150  19:25  Viking x3  
  150  19:30  Siege Tank  
  150  19:31  Siege Tank x4  
  163  19:32  Marine x13  
  163  19:36  Marine  
  180  19:39  Marine  
Show
View Real Time Build Order
Export as new Build Order

PwnrBwnr Terran 

Build Orders: Bio Tank, MMM Bio 

Get SALT Encoding   

  12  0:01  SCV  
  13  0:13  SCV  
  14  0:22  Supply Depot  
  14  0:25  SCV  
  15  0:43  SCV  
  15  0:45  Barracks  
  16  0:55  SCV  
  17  1:07  SCV  
  18  1:15  Command Center  
  18  1:20  SCV  
  18  1:22  Refinery  
  19  1:33  Orbital Command  
  19  1:37  Marine  
  20  1:55  Marine  
  21  2:03  Supply Depot  
  21  2:04  SCV  
  22  2:13  Marine  
  23  2:24  SCV  
  23  2:26  Orbital Command  
  24  2:30  Marine  
  24  2:36  Command Center  
  25  2:38  SCV  
  26  2:46  Factory  
  25  3:04  SCV x2  
  27  3:08  Barracks Tech Lab  
  27  3:15  Refinery  
  27  3:16  SCV x2  
  29  3:28  SCV x2  
  31  3:34  Starport  
  31  3:40  SCV  
  31  3:41  SCV  
  33  3:47  Refinery  
  33  3:48  Orbital Command  
  33  3:52  Barracks  
  33  3:53  SCV  
  33  3:54  Siege Tank  
  37  3:56  SCV  
  37  3:59  Barracks  
  38  4:05  SCV  
  38  4:09  SCV  
  40  4:12  Medivac  
  40  4:16  SCV  
  44  4:17  SCV  
  44  4:21  SCV, Engineering Bay, Barracks Reactor  
  45  4:28  SCV  
  45  4:29  SCV  
  45  4:31  Engineering Bay  
  47  4:33  SCV  
  48  4:40  SCV, Barracks Tech Lab  
  48  4:41  SCV  
  50  4:46  Barracks Reactor  
  50  4:47  Starport Reactor  
  50  4:49  Siege Tank  
  50  4:50  SCV  
  54  4:53  SCV  
  54  4:57  Refinery  
  54  4:59  Missile Turret  
  55  5:01  SCV  
  55  5:02  SCV, Missile Turret  
  55  5:05  SCV, Missile Turret  
  55  5:06  Terran Infantry Weapons Level 1  
  58  5:11  Stimpack  
  58  5:13  SCV  
  59  5:14  SCV, Marine  
  59  5:17  SCV  
  58  5:39  SCV x2  
  59  5:49  Marine x2  
  58  5:57  Missile Turret  
  57  5:58  Marine x2  
  57  6:00  SCV x3  
  57  6:12  SCV  
  58  6:23  Marine x3  
  58  6:25  SCV x3, Missile Turret  
  59  6:30  Marine  
  59  6:31  Marine  
  61  6:35  Terran Infantry Armor Level 1  
  61  6:36  Supply Depot  
  61  6:40  Supply Depot  
  61  6:53  Marine  
  61  6:55  SCV  
  61  6:57  Supply Depot, Viking, Medivac, Marine  
  61  6:58  Siege Tank  
  61  6:59  Supply Depot  
  69  7:02  SCV x2, Marine x2  
  69  7:07  SCV  
  74  7:11  Marine  
  71  7:16  SCV  
  71  7:17  Marine  
  71  7:19  SCV x2, Marine  
  71  7:20  Marine x2  
  72  7:27  Viking  
  72  7:29  Marine  
  74  7:34  Missile Turret  
  74  7:35  Marine  
  75  7:37  Marine x2  
  75  7:45  SCV  
  75  7:46  SCV, Viking  
  75  7:47  Marine  
  75  7:50  Marine  
  80  7:53  Marine  
  78  8:04  Marine  
  75  8:07  Combat Shields  
  75  8:09  Marine  
  75  8:11  Marine  
  76  8:13  SCV  
  76  8:17  SCV  
  76  8:18  SCV  
  79  8:20  Armory  
  79  8:22  Marine  
  79  8:25  SCV  
  81  8:29  Marine  
  81  8:30  SCV x2  
  80  8:40  Marine  
  80  8:42  Factory Tech Lab  
  80  8:43  Barracks Reactor  
  80  8:44  Viking x2  
  80  8:47  SCV  
  85  8:54  Orbital Command  
  85  8:59  Missile Turret x2  
  85  9:08  Missile Turret  
  85  9:10  Missile Turret x2  
  85  9:28  Supply Depot  
  85  9:29  Supply Depot  
  85  9:30  SCV x2, Viking, Medivac, Marine x2  
  93  9:32  Supply Depot  
  93  9:36  Supply Depot  
  93  9:39  Refinery x2  
  93  9:40  Supply Depot  
  93  9:41  Supply Depot  
  93  9:44  Marine x2  
  93  9:45  SCV x2, Siege Tank  
  100  9:46  Marine  
  100  9:49  Marine x2  
  103  10:00  Medivac x2  
  103  10:02  Marine  
  103  10:03  Supply Depot x2  
  103  10:04  Supply Depot  
  103  10:05  Missile Turret  
  108  10:07  Marine x2  
  110  10:17  Siege Tank  
  113  10:21  SCV  
  113  10:23  SCV, Terran Infantry Weapons Level 2, Terran Infantry Armor Level 2  
  113  10:25  SCV, Marine x2  
  118  10:29  Supply Depot  
  118  10:32  Marine x2  
  118  10:33  SCV  
  118  10:34  Barracks  
  121  10:36  Barracks  
  121  10:38  Marine  
  121  10:41  Barracks  
  122  10:43  Medivac x2, Marine x2  
  122  10:49  Siege Tank  
  131  10:50  Marine x2  
  131  10:53  Supply Depot x2  
  133  11:00  Marine x2  
  135  11:13  Medivac  
  132  11:18  Marine x2  
  115  11:36  Marine x2  
  114  11:49  Command Center, Viking, Marine x2  
  114  11:50  Viking  
  113  11:56  Command Center  
  113  12:06  Marine  
  114  12:09  Marine  
  114  12:11  Barracks Reactor x2  
  114  12:12  Barracks Reactor, Marine  
  114  12:13  Marine x2  
  118  12:19  Viking  
  120  12:24  Marine  
  120  12:27  Marine  
  122  12:30  Marine  
  122  12:31  Marine x2  
  122  12:34  Missile Turret  
  125  12:42  Marine  
  126  12:44  Missile Turret  
  126  12:45  Marine  
  126  12:48  Marine x2  
  126  12:49  Marine  
  130  12:51  Missile Turret  
  130  12:54  Marine x3  
  130  12:57  Marine x2  
  126  13:00  Marine  
  126  13:01  Marine  
  126  13:02  Marine  
  128  13:06  Marine x3  
  128  13:12  Marine  
  125  13:14  Orbital Command  
  125  13:16  Marine x4  
  125  13:17  Marine  
  125  13:18  Marine  
  131  13:21  Command Center, Marine  
  131  13:24  Marine x2  
  103  13:44  Marine x3  
  103  13:45  Marine  
  98  13:50  Marine x4  
  98  13:52  Siege Tank  
  98  13:53  Medivac x2  
  108  14:01  Marine x2  
  102  14:04  Marine x5  
  102  14:08  Marine x4  
  84  14:18  Marine  
  84  14:19  Marine  
  84  14:22  Marine x5  
  84  14:23  Medivac  
  84  14:25  Marine  
  84  14:26  Marine x3  
  79  14:36  Marine x2  
  79  14:37  Orbital Command  
  76  14:39  Marine  
  76  14:40  Marine x2  
  79  14:47  Marine x3  
  79  14:49  Medivac  
  79  14:50  Marine  
  79  14:51  Marine  
  79  14:52  Orbital Command  
  86  14:54  Marine  
  75  15:00  Marine  
  75  15:01  Marine x3  
  72  15:09  Marine x3  
  72  15:13  SCV  
  72  15:14  SCV  
  77  15:21  Marine x3  
  77  15:28  Siege Tank  
  83  15:29  Marine  
  83  15:33  SCV x4, Marine  
  83  15:34  Marine  
  90  15:37  Marine x3  
  93  15:43  Marine  
  93  15:46  Viking, Medivac  
  93  15:47  SCV x3  
  93  15:48  Marine x2  
  98  16:00  Siege Tank  
  91  16:05  Refinery  
  91  16:07  Refinery, Marine x4  
  91  16:08  Marine x6  
  91  16:09  Marine  
  80  16:25  Marine x5  
  82  16:26  Marine x6  
  79  16:43  Marine x6  
  79  16:44  Marine x5  
  89  17:00  Marine x2  
  89  17:01  Marine x5  
  92  17:02  Marine  
  92  17:08  Command Center  
  97  17:13  Marine x3  
  97  17:18  Marine  
  93  17:28  Marine  
  94  17:41  Marine x2  
  94  17:43  Marine x3  
  94  17:44  Marine x4  
  103  18:01  Orbital Command  
  66  18:26  Marine x4  
  66  18:27  Marine  
  58  18:31  Marine x3  
  58  18:32  Marine x2  
  64  18:36  Marine  
  64  18:40  SCV x2  
  67  18:42  Siege Tank  
  67  18:44  Marine x5  
  75  18:49  Marine  
  75  18:56  Marine x2  
  75  18:59  Viking x2  
  81  19:09  Marine x2  
  83  19:11  Marine  
  83  19:12  Marine x4  
  65  19:28  Marine x4  
  65  19:29  Medivac, Marine x4  
  65  19:30  Marine x3  
  65  19:31  SCV x4  
  73  19:43  SCV x2  
  75  19:46  Marine  
Tags
 
Add a new tag
Caveats
  • Supply blocks, unpowered buildings, or Contaminate may cause inaccurate times.
  • Supply counts are checked every 10 seconds.